 Dungeon Crawl Stone Soup version 0.32-a0-705-g60f2335 (webtiles) character file.

Game seed: 1959721207606337569

44 Dorkslayer the Ducker (level 3, 0/26 HPs)
             Began as an Octopode Fighter on Mar 14, 2024.
             Slain by a gnoll
             ... wielding a +0 halberd
              (4 damage)
             ... on level 2 of the Dungeon.
             The game lasted 00:02:07 (448 turns).

Dorkslayer the Ducker (Octopode Fighter)             Turns: 448, Time: 00:02:07

Health: 0/26       AC:  1    Str: 17    XL:     3   Next: 60%
Magic:  3/3        EV: 12    Int: 10    God:
Gold:   126        SH:  4    Dex: 11    Spells: 2/2 levels left

rFire   . .          .
                       - Unarmed
rCold   . . .        a - +0 buckler
rNeg    . . .        (helmet restricted)
rPois   .            (no amulet)
rElec   .            (no ring)
rCorr   .            (no ring)
SInv    .            (no ring)
Will    .....        (no ring)
Stlth   ++           (no ring)
HPRegen 0.24/turn    (no ring)
MPRegen 0.08/turn    (no ring)
                     (no ring)

%: no passive effects
@: mighty, attractive
A: almost no armour, amphibious, 8 rings, camouflage 1, gelatinous body 1,
(nimble swimmer 1), tentacles
a: no special abilities


You were on level 2 of the Dungeon.
You visited 1 branch of the dungeon, and saw 2 of its levels.

You collected 126 gold pieces.

Inventory:

Armour
 a - a +0 buckler (worn)
Scrolls
 c - a scroll of immolation {unknown}
 d - 2 scrolls of vulnerability {unknown}


   Skills:
 + Level 3.3 Fighting
 + Level 3.4 Dodging
 + Level 1.1 Stealth
 + Level 3.2 Shields
 * Level 2.6 Unarmed Combat


You had 2 spell levels left.
You didn't know any spells.
Your spell library contained the following spells:

 Spells                   Type           Power      Damage    Failure   Level
 Jinxbite                 Hex            0%         N/A       58%         2
 Yara's Violent Unravell  Hex/Alch       0%         3d3       100%        5
 Enfeeble                 Hex            0%         N/A       100%        7


Dungeon Overview and Level Annotations

Branches:
Dungeon (2/15)

Altars:


Innate Abilities, Weirdness & Mutations

You cannot wear most types of armour.
You are amphibious.
You can wear up to eight rings at the same time.
Your skin changes colour to match your surroundings (Stealth+).
Your rubbery body absorbs attacks. (AC +1, EV +1)
((You are camouflaged when in or above water. (Stealth+)))
You have tentacles for arms and can constrict up to eight enemies at once.


Message History

There are no items here. 2 gnolls come into view.
Found a glowing scarf.
The gnoll shouts! x2; You hear a shout! 2 gnolls come into view.
Found a golden potion.
The gnoll shouts!
The gnoll moves out of view.
You feel very mighty all of a sudden.
The gnoll hits you from afar with a +0 halberd.
The gnoll shouts!
The gnoll misses you.
The hobgoblin shouts!
You tentacle-slap the gnoll. You grab the gnoll.
The gnoll is lightly wounded.
You constrict the gnoll. The gnoll misses you.
The gnoll hits you from afar with a +0 halberd!
The gnoll barely misses you. The gnoll closely misses you. x2
You closely miss the gnoll. You grab the gnoll. You constrict the gnoll. x2
The gnoll barely misses you. The gnoll misses you.
You block the gnoll's attack.
You tentacle-slap the gnoll.
The gnoll is severely wounded.
You constrict the gnoll.
You kill the gnoll!
You constrict the gnoll. The gnoll misses you.
The gnoll hits you with a +0 halberd.
You bludgeon the gnoll!
You kill the gnoll!
The gnoll closely misses you. You block the gnoll's attack.
You tentacle-slap the gnoll. You grab the gnoll.
The gnoll is heavily wounded.
You constrict the gnoll. The gnoll hits you with a +0 club!
* * * LOW HITPOINT WARNING * * *
The gnoll misses you.
It was a potion of attraction.
You feel attractive to monsters.
You constrict the gnoll. The gnoll closely misses you.
The gnoll hits you from afar with a +0 halberd.
You die...

.<...# ... .....# #.#
.....# #.# # ....†# #.#
###.# ####.# #.####....##
..##.####### #.##.......#
#.##.......# #.##g......#
#...######.# #.)g.......#
###.# #....####.@#.......#
#†###.......#..#......g#
###..##....##.#..#...g.g.!
.......######.#..#..[.....
........# #....########.
..†.....# ####.# #.......#
#.# #........... #<.
#......#.... #..#


You could see 2 gnolls.

Vanquished Creatures
  2 gnolls (D:2)
  An adder (D:2)
  A ball python (D:1)
  An endoplasm (D:1)
  2 giant cockroaches
  A goblin (D:1)
  2 hobgoblins
  A kobold (D:1)
  A quokka (D:1)
  2 bats (D:1)
  A frilled lizard (D:1)
  A rat (D:1)
16 creatures vanquished.

Notes
Turn   | Place    | Note
-------+----------+-------------------------------------------
     0 | D:1      | Dorkslayer the Octopode Fighter began the quest for the
                  | Orb.
     0 | D:1      | Reached XP level 1. HP: 16/16 MP: 1/1
   130 | D:1      | Reached XP level 2. HP: 19/21 MP: 2/2
   246 | D:1      | Found a faded altar of an unknown god.
   402 | D:2      | Reached skill level 1 in Stealth
   409 | D:2      | Reached XP level 3. HP: 26/26 MP: 3/3
   448 | D:2      | Slain by a gnoll

Illustrated notes

Levels and vault maps discovered:
D:1:      dpeg_arrival_snail, layout_rooms,
          hellmonk_ecumenical_altar_inner_sanctum, serial_glass,
          glass_columns_a, glass_columns_a
D:2:      layout_basic

Skill      XL: |  1  2 |
---------------+-------+-----
Stealth        | 1 |  1.1
Fighting       | |  3.3
Dodging        | |  3.4
Shields        | |  3.2
Unarmed Combat | |  2.6

Action                     || total
---------------------------++-------
  Melee: Unarmed           ||    27
         Constrict         ||    11
         Tentacles         ||     7
         Punch             ||     1
    Use: Potion            ||     2
   Stab: Sleeping          ||     1
 Armour: Skin              ||    14
  Dodge: Dodged            ||    15
  Block: Buckler           ||     7

Table legend: (Time is in decaauts)
 A = Elapsed time spent in this place.
 B = Non-inter-level travel time spent in this place.
 C = Inter-level travel time spent in this place.
 D = Time resting spent in this place.
 E = Time spent auto-exploring this place.
 F = Levels seen in this place.
 G = Mean time per level.
                   A        B        C        D        E       F      G
               +--------+--------+--------+--------+--------+-----+--------+
         Total |    447 |    447 |      0 |      0 |    226 |   2 |  223.5 |
       Dungeon |    447 |    447 |      0 |      0 |    226 |   2 |  223.5 |
               +--------+--------+--------+--------+--------+-----+--------+

Top non-repeatable levels by time:
     D:1: 380 daAuts
     D:2: 67 daAuts
